 Dungeon Crawl Stone Soup version 0.32-a0-314-g526f7d4993 (webtiles) character file.

Game seed: 9324452925384862103

112 timneilson the Ruffian (level 4, -1/29 HPs)
             Began as an Octopode Shapeshifter on Feb 15, 2024.
             Slain by Grinder (2 damage)
             ... on level 3 of the Dungeon.
             The game lasted 00:03:34 (1742 turns).

timneilson the Ruffian (Octopode Shapeshifter)      Turns: 1742, Time: 00:03:35

Health: -1/29      AC:  1    Str: 15    XL:     4   Next: 95%
Magic:  4/4        EV:  8    Int: 12    God:
Gold:   140        SH:  7    Dex: 11    Spells: 3/3 levels left

rFire   . .          .
                       - Unarmed
rCold   . . .        q - +0 kite shield
rNeg    . . .        (helmet currently unavailable)
rPois   .            (no amulet)
rElec   .            (no ring)
rCorr   .            (no ring)
SInv    .            (no ring)
Will    .....        (no ring)
Stlth   +++          (no ring)
HPRegen 0.24/turn    (no ring)
MPRegen 0.09/turn    (no ring)
                     (no ring)

%: no passive effects
@: beast-form, constricted
A: beast (slay +2), almost no armour, amphibious, 8 rings, camouflage 1,
gelatinous body 1, (nimble swimmer 1), tentacles
a: Begin Untransformation


You were on level 3 of the Dungeon.
You were a hulking beast.
You visited 1 branch of the dungeon, and saw 3 of its levels.

You collected 140 gold pieces.

Inventory:

Armour
 q - a +0 kite shield (worn)
Jewellery
 f - a ring of magical power
Talismans
 b - a beast talisman (active)
 c - a flux talisman
Wands
 o - a wand of paralysis (12)
Scrolls
 e - 2 scrolls of revelation
 g - a scroll of amnesia
 j - a scroll of vulnerability
 p - a scroll of enchant weapon {unknown}
 r - a scroll of poison {unknown}
 s - a scroll of teleportation {unknown}
 t - a scroll of identify
Potions
 a - 2 potions of lignification
 d - a potion of enlightenment
 h - a potion of heal wounds
 i - a potion of haste {unknown}
 k - 2 potions of mutation {unknown}
 l - a potion of brilliance {unknown}
 m - a potion of berserk rage {unknown}
 n - 2 potions of ambrosia {unknown}


   Skills:
 * Level 2.1 Fighting
 * Level 2.7 Dodging
 + Level 1.9 Stealth
 + Level 0.4 Shields
 * Level 3.6 Unarmed Combat
 + Level 0.4 Evocations
 * Level 3.5 Shapeshifting


You had 3 spell levels left.
You didn't know any spells.
Your spell library was empty.

Dungeon Overview and Level Annotations

Branches:
Dungeon (3/15)

Altars:
Vehumet

Annotations:
D:3 Grinder


Innate Abilities, Weirdness & Mutations

You are a hulking beast.
Your limbs bulge with bestial killing power. (Slay +2)
You cannot wear most types of armour.
You are amphibious.
You can wear up to eight rings at the same time.
Your skin changes colour to match your surroundings (Stealth+).
Your rubbery body absorbs attacks. (AC +1, EV +1)
((You are camouflaged when in or above water. (Stealth+)))
You have tentacles for arms and can constrict up to eight enemies at once.


Message History

Found 2 stones.
The bat hits you.
You closely miss the bat. Your grab misses the bat. The bat hits you.
The bat barely misses you. The bat hits you but does no damage.
You closely miss the bat. Your grab misses the bat. You block the bat's attack.
The bat closely misses you.
You tentacle-slap the bat.
You kill the bat!
HP restored.
You see here 2 stones.
Found a dagger.
You open the door.
There is an open door here.
Found a stone staircase leading up.
Found a robe.
Grinder and a ball python come into view.
Grinder shouts!
The ball python hisses angrily.
You see here a cyan potion.
n - 2 cyan potions (gained 1) Grinder gestures at you.
Pain shoots through your body!
You closely miss Grinder. You grab Grinder. Your squeeze misses Grinder.
You constrict Grinder. Grinder gestures at you.
You suddenly lose the ability to move!
You lose your grip on Grinder.
The ball python bites you. The ball python grabs you.
The ball python constricts you. Grinder hits you!
You writhe in agony.
The ball python bites you but does no damage.
The ball python constricts you.
You can move again.
Unknown command.
You tentacle-slap Grinder but do no damage.
Your grab misses Grinder.
Grinder is lightly wounded.
Grinder hits you!
* * * LOW HITPOINT WARNING * * *
You writhe in agony.
You die...
Grinder says, "Now the real fun starts!"

.# .##.......##...§........###
.#####.##.......##....☼.[.....#
#
........#.......###☼.§....#####
# .#####..#.......#...°°§☼..# #
...# .[.########.#.°..§### #
.#.# #....<......###### #
.#.####...........# #
..................# ##
.#..............h.# #.
..#####.........S5### #####.
..# #.###........... #..... ..#
#.# #...........# #.....
..#####'###...........# #.....
..(...................# #.....
...............######## #.....
................... ........
................### .........


You could see Grinder and a ball python.

Vanquished Creatures
  2 adders (D:2)
  4 dart slugs
  3 ball pythons
  7 endoplasms
  4 giant cockroaches
  6 hobgoblins
  3 jackals (D:3)
  A quokka (D:2)
  5 bats
  A frilled lizard (D:2)
  6 kobolds
  8 rats
50 creatures vanquished.

Notes
Turn   | Place    | Note
-------+----------+-------------------------------------------
     0 | D:1      | timneilson the Octopode Shapeshifter began the quest for
                  | the Orb.
     0 | D:1      | Reached XP level 1. HP: 13/13 MP: 1/1
    58 | D:1      | Reached XP level 2. HP: 18/18 MP: 2/2
   311 | D:1      | Reached skill level 1 in Stealth
   334 | D:1      | Reached XP level 3. HP: 23/23 MP: 3/3
   776 | D:2      | Reached XP level 4. HP: 20/29 MP: 4/4
  1494 | D:3      | Found a radiant altar of Vehumet.
  1735 | D:3      | Noticed Grinder
  1740 | D:3      | Paralysed by Grinder for 2 turns
  1742 | D:3      | HP: 1/29 [Grinder (10)]
  1742 | D:3      | Slain by Grinder

Illustrated notes

Levels and vault maps discovered:
D:1:      erik_arrival_cave_to_civilisation [erik_arrival_cave_to_hall],
          layout_basic
D:2:      layout_basic
D:3:      layout_basic, fiery_altar_vehumet, biasface_ghost_orc_armoury,
          uniq_grinder

Skill      XL: |  1  2  3  4 |
---------------+-------------+-----
Stealth        | 1 |  1.9
Fighting       | 2 |  2.1
Dodging        | |  2.7
Shields        | |  0.4
Unarmed Combat | |  3.6
Evocations     | |  0.4
Shapeshifting  | |  3.5

Action                     |  1- 3 |  4- 6 || total
---------------------------+-------+-------++-------
  Melee: Unarmed           |    44 |    42 ||    86
         Constrict         |    11 |    10 ||    21
         Punch             |     2 |       ||     2
         Tentacles         |     8 |     9 ||    17
    Use: Scroll            |     4 |     3 ||     7
   Stab: Sleeping          |     6 |     6 ||    12
 Armour: Skin              |    19 |    22 ||    41
  Dodge: Dodged            |    11 |    16 ||    27
  Block: Kite shield       |       |     3 ||     3

Table legend: (Time is in decaauts)
 A = Elapsed time spent in this place.
 B = Non-inter-level travel time spent in this place.
 C = Inter-level travel time spent in this place.
 D = Time resting spent in this place.
 E = Time spent auto-exploring this place.
 F = Levels seen in this place.
 G = Mean time per level.
                   A        B        C        D        E       F      G
               +--------+--------+--------+--------+--------+-----+--------+
         Total |   1740 |   1715 |     25 |    134 |   1178 |   3 |  580.0 |
       Dungeon |   1740 |   1715 |     25 |    134 |   1178 |   3 |  580.0 |
               +--------+--------+--------+--------+--------+-----+--------+

Top non-repeatable levels by time:
     D:2: 862 daAuts
     D:1: 600 daAuts
     D:3: 277 daAuts
